 Dungeon Crawl Stone Soup version 0.23-a0-550-g7de1f8e (webtiles) character file.

495034 zishaf the Markscentaur (level 23, -20/211 HPs)
             Began as a Centaur Hunter on Dec 6, 2018.
             Was the Champion of Okawaru.
             Demolished by a caustic shrike (22 damage)
             ... on level 4 of the Depths on Dec 9, 2018.
             The game lasted 05:18:44 (105396 turns).

zishaf the Markscentaur (Centaur Hunter)          Turns: 105396, Time: 05:18:45

Health: -20/211    AC: 14    Str: 17    XL:     23   Next: 94%
Magic:  35/40      EV: 14    Int: 11    God:    Okawaru [******]
Gold:   2983       SH:  0    Dex: 13    Spells: 9/28 levels left

rFire    + . .     SeeInvis +   b - +7 triple sword (slice)
rCold    + . .     Gourm    +   (shield currently unavailable)
rNeg     + + +     Faith    .   A - +3 robe of Clouds {+Thunder rCloud rElec}
rPois    +         Spirit   .   J - +2 helmet {SInv}
rElec    +         Reflect  .   H - scarf {repulsion}
rCorr    +         Harm     .   E - +2 pair of gloves {archery}
MR       ++...     Rnd*Rage +   g - +4 centaur barding {rC+}
Stlth    +.........             w - amulet of Grace {Gourm +Inv Slay+5}
HPRegen  0.45/turn              s - ring "Enehim" {rF+ rN+++ AC+4 Dex-4 Slay+3}
MPRegen  0.27/turn              i - ring "Naxary" {rCorr rPois rN+ MR+ MP+9}

@: corroded, very slightly contaminated, repel missiles, very quick
A: large, hooves 3, berserk 1, deformed body, speed 2, tough skin 3
}: 2/15 runes: serpentine, barnacled
a: Heroism, Finesse, Renounce Religion, Evoke Thunderclouds, Evoke Invisibility


You were on level 4 of the Depths.
You worshipped Okawaru.
Okawaru was exalted by your worship.
You were full.

You visited 9 branches of the dungeon, and saw 43 of its levels.
You visited the Abyss 1 time.
You also visited: Gauntlet.

You collected 5905 gold pieces.
You spent 2922 gold pieces at shops.

Inventory:

Hand Weapons
 a - a +9 longbow of flaming
 b - a +7 triple sword of slicing (weapon)
 u - the +1 longbow "Eviscerator" {velocity, rC++ MR++ Int-3}
   (Okawaru gifted it to you on level 3 of the Snake Pit)

   Any arrow fired from it inflicts extra damage.
   It affects your intelligence (-3).
   It greatly protects you from cold.
   It affects your resistance to hostile enchantments.
Missiles
 d - 1634 arrows
Armour
 g - a +4 centaur barding of cold resistance (worn)
 A - the +3 robe of Clouds (worn) {+Thunder rCloud rElec}
   (You found it on level 10 of the Dungeon)

   It insulates you from electricity.
 E - a +2 pair of gloves of archery (worn)
 H - a scarf of repulsion (worn)
 J - a +2 helmet of see invisible (worn)
Jewellery
 i - the ring "Naxary" (right hand) {rCorr rPois rN+ MR+ MP+9}
   (You bought it in a shop on level 2 of the Orcish Mines)

   [ring of resist corrosion]

   It protects you from poison.
   It protects you from negative energy.
   It affects your resistance to hostile enchantments.
   It affects your magic capacity (+9).
 s - the ring "Enehim" (left hand) {rF+ rN+++ AC+4 Dex-4 Slay+3}
   (You found it on level 2 of the Depths)

   [ring of protection]

   It affects your AC (+4).
   It affects your dexterity (-4).
   It affects your accuracy and damage with ranged weapons and melee attacks
   (+3).
   It protects you from fire.
   It renders you almost immune to negative energy.
 w - the amulet of Grace (around neck) {Gourm +Inv Slay+5}
   (You bought it in a shop on level 3 of the Depths)

   [amulet of the gourmand]

   It allows you to eat raw meat even when not hungry.
   It affects your accuracy and damage with ranged weapons and melee attacks
   (+5).
   It lets you turn invisible.
 G - a +4 amulet of reflection
Wands
 v - a wand of paralysis (2)
 y - a wand of acid (28)
 C - a wand of enslavement (26)
 K - a wand of flame (122)
 N - a wand of scattershot (7)
 R - a wand of iceblast (35)
 S - a wand of disintegration (40)
 U - a wand of digging (10)
Scrolls
 j - 5 scrolls of magic mapping
 k - 23 scrolls of remove curse
 n - 3 scrolls of fog
 o - 7 scrolls of immolation
 D - 13 scrolls of teleportation
 L - a scroll of holy word
 W - 9 scrolls of fear
Potions
 h - a potion of mutation
 l - 7 potions of curing
 p - 4 potions of haste
 q - 3 potions of agility
 t - a potion of resistance
 x - 2 potions of invisibility
 z - 5 potions of brilliance
 B - 4 potions of berserk rage
 F - a potion of might
 P - 5 potions of magic
 Q - 7 potions of flight
 T - 2 potions of ambrosia
 X - 2 potions of cancellation
Miscellaneous
 M - a fan of gales
 O - a sack of spiders
 V - a box of beasts
 Y - 3 phantom mirrors
 Z - a lightning rod (4/4)
Comestibles
 f - 43 rations


   Skills:
 + Level 18.8 Fighting
 * Level 15.2 Long Blades
 - Level 20.0 Bows
 - Level 4.0 Armour
 - Level 12.0 Dodging
 - Level 0.4 Stealth
 - Level 3.0 Spellcasting
 - Level 10.0 Hexes
 - Level 3.0 Charms
 - Level 10.0 Summonings
 - Level 14.0 Necromancy
 - Level 5.0 Translocations
 - Level 14.0 Earth Magic
 + Level 11.2 Invocations
 + Level 9.2 Evocations


You had 9 spell levels left.
You knew the following spells:

 Your Spells              Type           Power        Failure   Level  Hunger
a - Apportation           Tloc           ##....       3%          1    #......
b - Tukima's Dance        Hex            ###.....     1%          3    ###....
c - Summon Mana Viper     Hex/Summ       ###.....     12%         5    ######.
d - Borgnjor's Vile Clut  Necr/Erth      ####......   2%          5    ######.
e - Blink                 Tloc           N/A          4%          2    ###....
f - Regeneration          Chrm/Necr      ###.......   2%          3    ###....

Your spell library contained the following spells:

 Spells                   Type           Power        Failure   Level  Hunger
 Animate Skeleton         Necr           N/A          1%          1    #......
 Confusing Touch          Hex            ###...       1%          1    #......
 Corona                   Hex            ###....      1%          1    #......
 Pain                     Necr           ####         1%          1    #......
 Summon Butterflies       Summ           ###.....     1%          1    #......
 Summon Small Mammal      Summ           ###.         1%          1    #......
 Corpse Rot               Necr           N/A          1%          2    ###....
 Slow                     Hex            ###.....     1%          2    ###....
 Sublimation of Blood     Necr           ####......   1%          2    ###....
 Call Canine Familiar     Summ           ###.....     1%          3    ###....
 Confuse                  Hex            ###.....     1%          3    ###....
 Vampiric Draining        Necr           ####......   1%          3    ###....
 Leda's Liquefaction      Hex/Erth       ####......   1%          4    #####..
 Lee's Rapid Deconstruct  Erth           ####......   2%          5    ######.
 Portal Projectile        Hex/Tloc       ###...       3%          3    ###....
 Ensorcelled Hibernation  Hex/Ice        ##....       4%          2    ###....
 Stone Arrow              Conj/Erth      ###...       4%          3    ###....
 Cause Fear               Hex            ###.......   4%          4    #####..
 Shroud of Golubria       Chrm/Tloc      ##........   8%          2    ###....
 Dazzling Spray           Conj/Hex       ##....       10%         3    ###....
 Gell's Gravitas          Tloc           ##........   10%         3    ###....
 Inner Flame              Hex/Fire       ##......     10%         3    ###....
 Lesser Beckoning         Tloc           ##........   10%         3    ###....
 Teleport Other           Tloc           ##......     10%         3    ###....
 Death Channel            Necr           ####......   13%         6    #######
 Petrify                  Tmut/Erth      ###.....     14%         4    #####..
 Swiftness                Chrm/Air       #.......     22%         2    ###....
 Excruciating Wounds      Chrm/Necr      ###.......   22%         5    ######.
 Beastly Appendage        Tmut           #.....       26%         1    #......
 Flame Tongue             Conj/Fire      #....        26%         1    #......
 Shock                    Conj/Air       #...         26%         1    #......
 Passage of Golubria      Tloc           N/A          32%         4    #####..
 Summon Ice Beast         Ice/Summ       ##......     32%         4    #####..
 Summon Forest            Summ/Tloc      ###.......   32%         5    ######.
 Poisonous Vapours        Pois/Air       #.....       36%         2    ###....
 Sticks to Snakes         Tmut           #.......     36%         2    ###....
 Throw Flame              Conj/Fire      #.....       36%         2    ###....
 Bolt of Draining         Conj/Necr      ###.......   38%         5    ######.
 Conjure Flame            Conj/Fire      #.......     61%         3    ###....
 Ignite Poison            Fire/Tmut/Pois #.......     61%         3    ###....
 Mephitic Cloud           Conj/Pois/Air  #.......     61%         3    ###....
 Spider Form              Tmut/Pois      #.........   61%         3    ###....
 Static Discharge         Conj/Air       #.......     61%         3    ###....
 Metabolic Englaciation   Hex/Ice        ##........   67%         5    ######.
 Yara's Violent Unravell  Hex/Tmut       ##........   67%         5    ######.
 Bolt of Magma            Conj/Fire/Erth ##........   71%         5    ######.
 Haunt                    Necr/Summ      ####......   85%         7    #######
 Iron Shot                Conj/Erth      ###.......   92%         6    #######
 Simulacrum               Ice/Necr       ###.......   92%         6    #######
 Statue Form              Tmut/Erth      ###......    92%         6    #######
 Airstrike                Air            #.........   95%         4    #####..
 Ice Form                 Ice/Tmut       #.......     95%         4    #####..
 Olgreb's Toxic Radiance  Pois           #.......     95%         4    #####..
 Sticky Flame             Conj/Fire      #.......     95%         4    #####..
 Iskenderun's Battlesphe  Conj/Chrm      #.......     98%         5    ######.
 Summon Hydra             Summ           ###.......   98%         7    #######
 Borgnjor's Revivificati  Necr           ####......   99%         8    #######
 Infestation              Necr           ####......   99%         8    #######
 Alistair's Intoxication  Tmut/Pois      #.......     100%        5    ######.
 Blade Hands              Tmut           #.........   100%        5    ######.
 Fireball                 Conj/Fire      #.........   100%        5    ######.
 Irradiate                Conj/Tmut      #.........   100%        5    ######.
 Lightning Bolt           Conj/Air       #.........   100%        5    ######.
 Venom Bolt               Conj/Pois      #.........   100%        5    ######.
 Deflect Missiles         Chrm/Air       #.........   100%        6    #######
 Hydra Form               Tmut           #.........   100%        6    #######
 Dragon Form              Tmut           #.........   100%        7    #######
 Malign Gateway           Summ/Tloc      ###.......   100%        7    #######
 Orb of Destruction       Conj           #.........   100%        7    #######
 Spellforged Servitor     Conj/Summ      ##........   100%        7    #######
 Death's Door             Chrm/Necr      ###.......   100%        8    #######
 Necromutation            Tmut/Necr      ###.......   100%        8    #######


Dungeon Overview and Level Annotations

Branches:
Dungeon (15/15)            Temple (1/1) D:4            Lair (6/6) D:8
 Shoals (4/4) Lair:2        Snake (4/4) Lair:4        Slime (0/5) Lair:6
    Orc (2/2) D:10            Elf (3/3) Orc:2        Vaults (3/5) D:14
  Crypt (0/3) Vaults:2     Depths (5/5) D:15
    Zot: Depths:5

Altars:
Ashenzari
Cheibriados
Dithmenos
Elyvilon
Fedhas
Gozag
Hepliaklqana
Kikubaaqudgha
Makhleb
Nemelex Xobeh
Okawaru
Qazlal
Ru
Sif Muna
Trog
Uskayaw
Vehumet
Wu Jian
Xom
Yredelemnul
Zin
The Shining One
Beogh

Shops:
D:4 }   D:6 }%*![   D:10 (:   Orc:2 *([=   Elf:1 :   Elf:3 %   Shoals:1 :
Vaults:1 [   Depths:2 =%   Depths:3 }}=

Portals:
Hell: Depths:1 Depths:2 Depths:3 Depths:4 Depths:5
Abyss: Depths:3 Depths:4
Pandemonium: Depths:2 Depths:3
Ziggurat: Depths:2

Annotations:
Shoals:1 1 runed door, Deyjemna's ghost, adept DEFE


Innate Abilities, Weirdness & Mutations

You have hooves in place of feet.
Armour fits poorly on your strangely shaped body.
You cover ground very quickly.
You have extremely tough skin. (AC +3)
You tend to lose your temper in combat.


Message History

* * * LOW HITPOINT WARNING * * *
You are splashed with acid!
The acid burns!
You resist.
* * * LOW HITPOINT WARNING * * *
The caustic shrike barely misses you.
Evoke which item? (* to show all) (? for menu, Esc to quit)
Okay, then.
Casting: Borgnjor's Vile Clutch (safe; 2% risk of failure)
Confirm with . or Enter, or press ? or * to list all spells.
Aiming: Borgnjor's Vile Clutch (safe; 2% risk of failure)
Press: ? - help, Dir - move target cursor, f - caustic shrike
Aim: a caustic shrike (moderately wounded) Decaying hands burst forth from the earth!
Zombie hands grab the caustic shrike.
The zombie hands constrict the caustic shrike.
The caustic shrike claws you!!
* * * LOW HITPOINT WARNING * * *
You are splashed with acid!
The acid burns!
You resist.
* * * LOW HITPOINT WARNING * * *
The caustic shrike claws you!!
You die...

#....# #....##.#.# #....#
#...##.###. #....######
##..#.##### #...(#....##
##...##.#.# #...(......#
#...b...#.. #...(......#
##.....##.. #......>...#
######.....##..
####...##....#####..............
##......##.....(@b.i...........≈≈
P#..#########..≈...P...≈≈.≈.P..≈P
≈...# ####.P.≈≈≈≈≈≈≈≈P.≈≈≈≈ ....#
####≈≈≈PP≈≈≈≈≈≈≈≈≈≈≈≈≈≈ ....#
≈≈≈≈≈≈≈≈≈≈≈≈≈≈≈≈≈≈≈≈≈≈≈ ≈...#
#≈≈≈≈≈≈≈≈≈≈P≈≈≈≈≈≈.?≈.≈ ≈...#
#######[≈..≈.........≈. ♣########
##................##... #
#...###..###......##....##...


You could see a caustic shrike and a spriggan rider.

Vanquished Creatures
  An ancient lich (Depths:4)
  Sojobo (Depths:2)
  Vashnia (Snake:2)
  Boris (Depths:3)
  Margery (Depths:1)
  The ghost of Yvuidgh the Executioner, a veteran HOMo of Beogh (D:14)
  The ghost of Dacon the Minotaur Blade, an adept MiGl of Gozag (D:14)
  A tentacled monstrosity (Depths:4)
  2 liches
  A sphinx (Depths:2)
  3 deep elf blademasters
  2 deep elf master archers (Elf:3)
  Gastronok (Lair:1)
  2 storm dragons (Depths:4)
  The ghost of Nornya the Spear-Bearer, an adept OpFi of Gozag (Shoals:4)
  Roxanne (Snake:4)
  5 nagarajas
  3 tengu reavers
  An iron dragon (Depths:4)
  8 fire giants
  8 vault wardens
  9 frost giants
  5 deep elf sorcerers (Elf:3)
  An orc warlord (Orc:1)
  A reaper (Depths:3)
  4 deep elf elementalists
  A ghoul (Vaults:2)
  2 spriggan defenders (Depths:2)
  15 very ugly things
  10 ironheart preservers
  8 deep elf demonologists (Elf:3)
  A vampire knight (Depths:4)
  14 stone giants
  A minotaur (Gauntlet)
  8 deep elf annihilators
  5 dire elephants (Lair:6)
  A starcursed mass (Abyss:5)
  Azrael (D:14)
  A dire elephant (shapeshifter) (D:14)
  10 spark wasps
  5 merfolk javelineers
  11 deep elf death magi
  12 ettins
  5 merfolk impalers
  14 yaktaur captains
  8 great orbs of eyes
  14 fire dragons
  The ghost of Urghew the Fighter, a journeyman MiFi of Okawaru (Lair:2)
  8 hydras
  A deep elf high priest (Depths:2)
  5 ice dragons
  9 naga warriors
  5 rakshasas
  4 spriggan air magi
  Harold (Lair:2)
  8 vault guards
  4 merfolk aquamancers
  5 merfolk avatars
  17 ogre magi
  A catoblepas (D:13)
  14 centaur warriors
  20 dancing weapons
  17 anacondas
  5 tengu warriors
  A thrashing horror (Abyss:5)
  14 deep troll shamans
  5 death knights
  34 two-headed ogres
  3 vampire magi
  2 orc high priests (Orc:2)
  4 death yaks (Lair:4)
  10 spriggan berserkers
  17 naga sharpshooters
  5 deep troll earth magi
  11 shock serpents
  24 deep elf knights
  Sonja (D:10)
  A sun demon (Abyss:4)
  5 salamander mystics (Snake:4)
  8 skeletal warriors
  A sixfirhy (Depths:3)
  A death drake (shapeshifter) (Depths:2)
  4 iron trolls
  18 hell knights
  11 sea snakes
  17 deep trolls
  2 unseen horrors
  A storm dragon skeleton (Vaults:2)
  3 glowing orange brains
  12 orc knights
  10 ironbrand convokers
  8 naga ritualists
  5 flayed ghosts
  2 harpies (shapeshifter)
  8 wizards
  19 deep elf archers
  2 phantasmal warriors
  25 harpies
  A wolf spider zombie (D:14)
  9 necromancers
  A wolf spider (Vaults:1)
  3 tengu skeletons (Vaults:2)
  4 lindwurms (Snake:4)
  An orb spider (shapeshifter) (Vaults:3)
  5 orc sorcerers
  21 mana vipers
  73 deep elf magi
  2 stone giant zombies
  A salamander (shapeshifter) (Vaults:2)
  3 salamanders
  42 ugly things
  11 manticores
  17 fauns
  A fire giant skeleton (Vaults:2)
  A moth of wrath (shapeshifter) (Depths:1)
  8 cyclopes
  9 guardian serpents
  A stone giant skeleton (Vaults:2)
  A rust devil (Depths:3)
  6 water nymphs
  2 black mambas (shapeshifter)
  9 merfolk sirens
  25 black mambas
  10 vault sentinels
  2 smoke demons
  10 elephants
  10 spiny frogs
  23 naga magi
  3 torpor snails
  A rime drake (Lair:6)
  2 gargoyles
  An orange demon (Depths:3)
  7 freezing wraiths
  An ice devil (Depths:3)
  2 efreet (D:14)
  51 yaktaurs
  6 komodo dragons
  7 human skeletons
  2 yaktaur skeletons
  9 trolls
  2 polar bears
  4 tengu conjurers
  31 merfolk
  9 hornets
  A meliai (D:13)
  Grinder (D:4)
  A merfolk (shapeshifter) (Vaults:3)
  2 raiju (Abyss:5)
  A tengu simulacrum (Depths:1)
  A jumping spider (shapeshifter) (Elf:2)
  10 wind drakes
  11 snapping turtles
  10 slime creatures (Vaults:1)
  Prince Ribbit (D:9)
  9 hippogriffs
  A dream sheep (shapeshifter) (Depths:2)
  6 blink frogs
  2 air elementals (Elf:1)
  10 dream sheep
  An ettin zombie (Vaults:2)
  A spriggan (shapeshifter) (Depths:2)
  An ettin skeleton (Vaults:2)
  A fire dragon zombie (Depths:1)
  22 water elementals
  A vampire (D:15)
  8 spriggans
  18 flying skulls
  A shadow (D:14)
  4 wraiths
  A spriggan skeleton (Depths:1)
  4 wyverns
  63 yaks
  A human (D:14)
  2 golden eyes (shapeshifter)
  4 fire elementals
  2 hungry ghosts
  6 vampire mosquitoes
  8 large abominations
  4 basilisks
  Menkaure (D:4)
  6 wargs
  28 nagas
  2 acid dragons
  A soldier ant (shapeshifter) (Elf:3)
  12 water moccasins
  4 hell hounds
  4 floating eyes
  10 porcupines
  3 sky beasts
  44 orc warriors
  2 black bears
  3 ice beasts
  2 phantoms
  2 eyes of draining
  2 necrophages
  40 ogres
  8 boggarts
  A boggart (shapeshifter) (D:14)
  10 wolves
  An elf skeleton (Vaults:2)
  An orc skeleton (Vaults:2)
  26 centaurs
  11 crocodiles
  2 big kobolds
  Blork the orc (D:4)
  2 human zombies
  A big kobold (shapeshifter) (Depths:5)
  16 bullfrogs
  4 elf zombies (Elf:1)
  3 gnoll sergeants (D:5)
  3 earth elementals
  A wyvern zombie (D:15)
  A scorpion (D:13)
  A water moccasin skeleton (D:11)
  An elf simulacrum (Vaults:1)
  17 killer bees
  12 wights
  2 howler monkeys
  3 vampire bats (D:14)
  4 electric eels
  10 crimson imps
  2 bullfrog zombies
  7 hounds
  A quasit (D:8)
  2 human simulacra
  5 centaur zombies
  9 jellies
  4 bullfrog skeletons
  23 orc priests
  7 centaur skeletons
  3 iguanas
  Natasha (thrice) (D:2 D:4 D:6)
  31 orc wizards
  11 worker ants
  2 hound zombies
  Robin (D:3)
  12 adders
  4 shadow imps
  An ooze (D:2)
  A dart slug (D:1)
  6 leopard geckos
  85 orcs
  4 giant cockroaches
  16 goblins
  7 hobgoblins
  2 jackals (D:8)
  17 kobolds
  3 quokkas
  13 bats
  5 frilled lizards
  3 quokka skeletons
  6 rats
  3 crawling corpses (Vaults:3)
  2 fungi
  16 plants
1927 creatures vanquished.

Vanquished Creatures (others)
  2 tengu reavers (Depths:2)
  A fire giant (shapeshifter) (D:14)
  A deep elf archer (Elf:2)
  A salamander (Snake:4)
  A yaktaur (Depths:1)
  A water elemental (D:14)
  An eye of draining (D:14)
  2 centaurs
  14 fungi
  A lurking horror (Abyss:5)
  35 plants
  A withered plant (Vaults:1)
61 creatures vanquished.

Grand Total: 1988 creatures vanquished

Notes
Turn   | Place    | Note
-------+----------+-------------------------------------------
     0 | D:1      | zishaf the Centaur Hunter began the quest for the Orb.
     0 | D:1      | Reached XP level 1. HP: 17/17 MP: 1/1
     3 | D:1      | Noticed an electric eel
     3 | D:1      | Noticed an electric eel
   179 | D:1      | Reached XP level 2. HP: 24/24 MP: 2/2
   984 | D:2      | Reached skill level 6 in Bows
  1178 | D:2      | Reached XP level 3. HP: 27/30 MP: 3/3
  1236 | D:2      | Noticed Natasha
  1244 | D:2      | Killed Natasha
  1367 | D:2      | Reached XP level 4. HP: 36/37 MP: 4/4
  2152 | D:3      | Found a deep blue altar of Sif Muna.
  2260 | D:3      | Reached skill level 7 in Bows
  2644 | D:3      | Noticed Robin
  2661 | D:3      | Reached XP level 5. HP: 43/45 MP: 5/5
  2672 | D:3      | Killed Robin
  3046 | D:3      | Found an ornate altar of the Wu Jian Council.
  3292 | D:3      | Found a white marble altar of Elyvilon.
  3428 | D:4      | Noticed Natasha
  3433 | D:4      | Killed Natasha
  3448 | D:4      | Found a shadowy altar of Dithmenos.
  3545 | D:4      | Reached XP level 6. HP: 15/51 MP: 6/6
  3790 | D:4      | Found a staircase to the Ecumenical Temple.
  3796 | Temple   | Entered the Ecumenical Temple
  3978 | D:4      | Found a shattered altar of Ashenzari.
  4136 | D:4      | Noticed Grinder
  4151 | D:4      | Killed Grinder
  4151 | D:4      | Reached skill level 8 in Bows
  4196 | D:4      | Noticed Menkaure
  4207 | D:4      | Killed Menkaure
  4207 | D:4      | Reached skill level 9 in Bows
  4207 | D:4      | Reached XP level 7. HP: 13/59 MP: 7/7
  4218 | D:4      | Found Osokh's Gadget Shop.
  4819 | D:5      | Entered Level 5 of the Dungeon
  4852 | D:5      | Found a burning altar of Makhleb.
  4852 | D:5      | Noticed a green death
  5620 | D:5      | Found a sacrificial altar of Ru.
  5740 | D:5      | Reached skill level 10 in Bows
  5740 | D:5      | Reached XP level 8. HP: 67/67 MP: 8/8
  5884 | D:5      | Reached skill level 5 in Fighting
  6097 | D:5      | Reached skill level 1 in Armour
  6100 | D:5      | Noticed Blork the orc
  6105 | D:5      | Found a shimmering altar of Xom.
  6593 | D:4      | Killed Blork the orc
  6831 | D:5      | Found a sparkling altar of Nemelex Xobeh.
  6950 | D:6      | Noticed Natasha
  6954 | D:6      | Killed Natasha
  6954 | D:6      | Reached skill level 11 in Bows
  7116 | D:6      | Found an iron altar of Okawaru.
  7119 | D:6      | Became a worshipper of Warmaster Okawaru
  7137 | D:6      | Found Zagoabu's Distillery.
  7249 | D:6      | Found Veonil's General Store.
  7265 | D:6      | Bought a scroll of magic mapping for 35 gold pieces
  7265 | D:6      | Bought 2 scrolls of identify for 40 gold pieces
  7546 | D:6      | Found Meul's Gadget Shoppe.
  7594 | D:6      | Found Xegorghi's Food Boutique.
  7662 | D:6      | Found Hiexut's Antique Armour Emporium.
  7670 | D:6      | Bought a pair of glowing gloves for 157 gold pieces
  7720 | D:6      | Reached skill level 1 in Long Blades
  7945 | D:7      | Noticed a hippogriff
  7976 | D:7      | Reached * piety under Okawaru
  8002 | D:7      | Killed a hippogriff
  8002 | D:7      | Reached XP level 9. HP: 75/75 MP: 9/9
  8221 | D:7      | Found a blossoming altar of Fedhas.
  8278 | D:7      | Found a hide-covered altar of Uskayaw.
  8289 | D:7      | Reached skill level 12 in Bows
  8530 | D:7      | Found a shimmering altar of Xom.
  9140 | D:7      | Found a white marble altar of Elyvilon.
  9560 | D:8      | Reached ** piety under Okawaru
  9670 | D:8      | Reached skill level 13 in Bows
  9821 | D:8      | Noticed a troll
 10223 | D:8      | Killed a troll
 10223 | D:8      | Reached XP level 10. HP: 54/86 MP: 10/10
 10480 | D:8      | Found a staircase to the Lair.
 10759 | D:8      | Reached *** piety under Okawaru
 11378 | D:9      | Noticed Prince Ribbit
 11387 | D:9      | Killed Prince Ribbit
 11537 | D:8      | Received a gift from Okawaru
 11537 | D:8      | Reached skill level 14 in Bows
 11661 | D:9      | Got a distressingly furry robe
 11704 | D:9      | Identified the cursed +1 robe of Rotation {Int+2} (You
                  | found it on level 9 of the Dungeon)
 11991 | D:9      | Reached skill level 5 in Dodging
 12166 | D:9      | Found a basalt altar of Yredelemnul.
 12168 | D:9      | Noticed a profane servitor
 12329 | D:9      | Found a glowing golden altar of the Shining One.
 12738 | D:9      | Noticed an angel
 12758 | D:10     | Entered Level 10 of the Dungeon
 12813 | D:10     | Found Ewnidd's Weapon Boutique.
 12815 | D:10     | Found a staircase to the Orcish Mines.
 12925 | D:10     | Reached skill level 5 in Long Blades
 13349 | D:10     | Reached **** piety under Okawaru
 13565 | D:4      | Bought a wand of digging (5) for 252 gold pieces
 13804 | D:10     | Found an iron altar of Okawaru.
 13805 | D:10     | Noticed a cyclops
 13844 | D:10     | Reached XP level 11. HP: 83/95 MP: 11/11
 14019 | D:10     | Reached skill level 1 in Invocations
 14093 | D:10     | Received a gift from Okawaru
 14156 | D:10     | Found the +3 robe of Clouds {+Thunder rCloud rElec}
 14260 | D:10     | Found Laniluum's Book Boutique.
 14261 | D:10     | Noticed Sonja
 14307 | D:10     | Killed Sonja
 14307 | D:10     | Reached skill level 1 in Evocations
 15372 | D:11     | Received a gift from Okawaru
 15497 | D:11     | HP: 3/95 [water moccasin skeleton (3)]
 16023 | D:12     | Noticed a brown ugly thing
 16109 | D:11     | Killed a brown ugly thing
 16494 | D:12     | Received a gift from Okawaru
 17066 | D:12     | Noticed a cyan ugly thing
 17142 | D:12     | Killed a cyan ugly thing
 17753 | D:12     | Received a gift from Okawaru
 17770 | D:12     | Noticed a skeletal warrior
 18105 | D:12     | Reached ***** piety under Okawaru
 18374 | D:12     | Received a gift from Okawaru
 18676 | D:12     | Noticed a skeletal warrior
 18823 | D:11     | HP: 2/97 [flying skull (6)]
 19214 | D:12     | Received a gift from Okawaru
 19309 | D:12     | Reached XP level 12. HP: 53/105 MP: 15/15
 19688 | Lair:1   | Entered Level 1 of the Lair of Beasts
 19942 | Lair:1   | Received a gift from Okawaru
 19942 | Lair:1   | Reached skill level 5 in Invocations
 20613 | Lair:1   | Reached skill level 10 in Fighting
 20934 | Lair:1   | Received a gift from Okawaru
 21250 | Lair:1   | Noticed Gastronok
 21278 | Lair:1   | Killed Gastronok
 21278 | Lair:1   | Received a gift from Okawaru
 21278 | Lair:1   | Reached skill level 5 in Evocations
 21337 | Lair:1   | Received a gift from Okawaru
 21779 | Lair:2   | Found a runed door.
 21782 | Lair:2   | Identified the +4 trident of Ohitekk {freeze, +Inv rF+
                  | Dex+3}
 21784 | Lair:2   | Noticed Urghew's ghost (journeyman MiFi)
 21888 | Lair:2   | Found a staircase to the Shoals.
 22144 | Lair:2   | Noticed Harold
 22189 | Lair:2   | Noticed a four-headed hydra
 22540 | Lair:1   | Killed a four-headed hydra
 23206 | Lair:2   | Killed Harold
 23206 | Lair:2   | Received a gift from Okawaru
 23539 | Lair:3   | Noticed a four-headed hydra
 23544 | Lair:3   | Killed a four-headed hydra
 23600 | Lair:3   | Noticed a seven-headed hydra
 23606 | Lair:3   | Killed a seven-headed hydra
 23721 | Lair:3   | Reached XP level 13. HP: 114/114 MP: 18/18
 24301 | Lair:3   | Got a ripped robe
 24317 | Lair:3   | Identified the +2 robe of the Suburbs {rF- rC+ Int+2
                  | Stlth+} (You found it on level 3 of the Lair of Beasts)
 24790 | Lair:4   | Found a staircase to the Snake Pit.
 25002 | Lair:4   | Received a gift from Okawaru
 25398 | Lair:4   | Reached ****** piety under Okawaru
 25398 | Lair:4   | Reached skill level 10 in Dodging
 25451 | Lair:4   | Received a gift from Okawaru
 25455 | Lair:4   | Got a bone dagger {god gift}
 26118 | Lair:5   | Got a smoking scale mail
 26172 | Lair:4   | Identified the cursed +0 scale mail of Ragups {Regen+} (You
                  | found it on level 5 of the Lair of Beasts)
 27477 | Lair:5   | Identified the +6 dagger of the Tomato {pierce, rN+}
                  | (Okawaru gifted it to you on level 4 of the Lair of Beasts)
 27491 | Lair:6   | Entered Level 6 of the Lair of Beasts
 27558 | Lair:5   | Reached skill level 15 in Bows
 27870 | Lair:6   | Received a gift from Okawaru
 27914 | Lair:6   | Found a staircase to the Slime Pits.
 28053 | Lair:6   | Received a gift from Okawaru
 28121 | Lair:6   | Got a transparent hunting sling {god gift}
 28122 | Lair:6   | Identified the +1 hunting sling of the Endless Expanse
                  | {flame, rN+} (Okawaru gifted it to you on level 6 of the
                  | Lair of Beasts)
 28371 | Lair:6   | Reached XP level 14. HP: 119/124 MP: 20/20
 29473 | Lair:6   | Learned a level 1 spell: Apportation
 29976 | Lair:6   | Received a gift from Okawaru
 29976 | Lair:6   | Reached skill level 10 in Long Blades
 30513 | Lair:6   | Got a spiked scale mail
 30532 | Lair:6   | Identified the +1 scale mail "Pacroma" {rC+ MR+} (You found
                  | it on level 6 of the Lair of Beasts)
 30899 | D:12     | Found the +3 giant club "Skullcrusher" {speed, Str+7}
 31188 | D:13     | Found a gate leading to a gauntlet.
 31288 | Gauntlet | Entered a Gauntlet
 31288 | Gauntlet | Found a transporter.
 31288 | Gauntlet | Found a transporter.
 31305 | Gauntlet | Found a transporter.
 31320 | Gauntlet | Found a transporter.
 31343 | Gauntlet | Found a transporter.
 31361 | Gauntlet | Found a transporter.
 31367 | Gauntlet | Found a transporter.
 31371 | Gauntlet | Found a transporter.
 31371 | Gauntlet | Found a transporter.
 31371 | Gauntlet | Noticed a balrug
 31728 | Gauntlet | Got a vibrating bronze ring
 31730 | Gauntlet | Identified the ring of Suicidal Tendencies {rPois rF- MR++
                  | Int+2 Dex+3} (You found it in a Gauntlet)
 32332 | D:13     | Got a polished short sword
 32333 | D:13     | Identified the +5 short sword "Lison" {venom, *Slow +Fly
                  | rPois MR+} (You found it on level 13 of the Dungeon)
 32447 | D:13     | Received a gift from Okawaru
 33025 | D:13     | Reached skill level 10 in Invocations
 33147 | D:13     | Reached skill level 16 in Bows
 33741 | D:13     | Found the +12 glaive of Prune {chop}
 34488 | D:14     | Received a gift from Okawaru
 34542 | D:14     | Noticed a fire giant
 34549 | D:14     | Killed a fire giant
 34981 | D:14     | Reached XP level 15. HP: 118/134 MP: 22/22
 35017 | D:14     | Noticed a storm dragon
 35209 | D:14     | Noticed Azrael
 36866 | D:14     | Identified the Collected Works on Helpful Darkness
 36875 | D:14     | Got a twisted leather armour
 36935 | D:13     | Identified the +3 leather armour "Xorhicupy" {MR+ Str+2}
                  | (You found it on level 14 of the Dungeon)
 37121 | Orc:1    | Entered Level 1 of the Orcish Mines
 37456 | Orc:2    | Entered Level 2 of the Orcish Mines
 38240 | Orc:2    | Found a staircase to the Elven Halls.
 38250 | Orc:2    | Noticed an orc warlord
 38323 | Orc:1    | Killed an orc warlord
 38746 | Orc:2    | Received a gift from Okawaru
 38934 | Orc:2    | Reached skill level 17 in Bows
 38962 | Orc:2    | Received a gift from Okawaru
 38970 | Orc:2    | Found a roughly hewn altar of Beogh.
 38986 | Orc:2    | Found Qyth's General Store.
 39086 | Orc:2    | Found a roughly hewn altar of Beogh.
 39204 | Orc:2    | Found Usmap's Antique Weapon Emporium.
 39210 | Orc:2    | Found Iciome's Jewellery Emporium.
 39215 | Orc:2    | Found Syopt's Antique Armour Emporium.
 39875 | D:14     | Received a gift from Okawaru
 39910 | D:14     | Found a gate to the Vaults.
 39980 | D:14     | Killed Azrael
 40362 | D:14     | Received a gift from Okawaru
 41262 | D:15     | Entered Level 15 of the Dungeon
 43862 | D:15     | Reached XP level 16. HP: 132/145 MP: 23/23
 43988 | D:15     | Received a gift from Okawaru
 44191 | D:15     | Found a staircase to the Depths.
 46297 | D:15     | Upgraded the game from 0.23-a0-536-g5e0f5a2 to
                  | 0.23-a0-537-g04293e5
 46301 | D:15     | Learned a level 3 spell: Tukima's Dance
 46307 | D:15     | Learned a level 5 spell: Summon Mana Viper
 46599 | Snake:1  | Entered Level 1 of the Snake Pit
 46603 | Snake:1  | Received a gift from Okawaru
 46603 | Snake:1  | Reached skill level 18 in Bows
 47122 | Snake:1  | Reached skill level 1 in Hexes
 47483 | Snake:1  | Got a twisted halberd
 47504 | Lair:4   | Identified the +6 halberd "Rur Tud" {drain, rC+ MR+ Str+4}
                  | (You found it on level 1 of the Snake Pit)
 47520 | Snake:1  | Received a gift from Okawaru
 47525 | Snake:1  | Reached skill level 1 in Summonings
 47841 | Snake:1  | Received a gift from Okawaru
 47844 | Snake:1  | Got an ancient centaur barding {god gift}
 47850 | Snake:1  | Identified the +1 centaur barding of Omission {Str+3}
                  | (Okawaru gifted it to you on level 1 of the Snake Pit)
 47970 | Snake:2  | Noticed Vashnia
 48736 | Snake:2  | You fall through a shaft!
 49473 | Snake:2  | Killed Vashnia
 51270 | Snake:3  | Reached skill level 5 in Hexes
 51330 | Snake:3  | Identified the +4 dire flail "Yttanabroo" {venom, +Rage
                  | +Fly MR+}
 51490 | Snake:3  | Received a gift from Okawaru
 51493 | Snake:3  | Got an ancient longbow {god gift}
 51609 | Snake:3  | Identified the +1 longbow "Eviscerator" {velocity, rC++
                  | MR++ Int-3} (Okawaru gifted it to you on level 3 of the
                  | Snake Pit)
 52386 | Snake:4  | Entered Level 4 of the Snake Pit
 52768 | Snake:4  | Identified Roxanne's Catalogue of Clay
 52768 | Snake:4  | Noticed Roxanne
 52841 | Snake:4  | Reached XP level 17. HP: 136/154 MP: 24/24
 53164 | Snake:4  | Killed Roxanne
 53197 | Snake:4  | Learned a level 5 spell: Borgnjor's Vile Clutch
 53427 | Snake:3  | Received a gift from Okawaru
 53458 | Snake:4  | Reached skill level 1 in Earth Magic
 53717 | Snake:4  | Reached skill level 1 in Necromancy
 53766 | Snake:4  | Reached skill level 1 in Spellcasting
 54926 | Snake:4  | Got a pitted scale mail
 54937 | Snake:4  | Identified the +2 scale mail "Ememer" {rElec} (You found it
                  | on level 4 of the Snake Pit)
 55180 | Snake:4  | Received a gift from Okawaru
 55305 | Snake:4  | Reached skill level 19 in Bows
 55737 | Snake:4  | Reached skill level 5 in Earth Magic
 55814 | Snake:4  | Received a gift from Okawaru
 55814 | Snake:4  | Reached skill level 5 in Necromancy
 55865 | Snake:4  | Reached skill level 15 in Fighting
 56083 | Snake:4  | Received a gift from Okawaru
 56676 | Snake:4  | Got a serpentine rune of Zot
 56909 | Lair:4   | Upgraded the game from 0.23-a0-537-g04293e5 to
                  | 0.23-a0-539-g3f6f39f
 56957 | Shoals:1 | Entered Level 1 of the Shoals
 56995 | Shoals:1 | Found Ixat's Book Boutique.
 57004 | Shoals:1 | Reached XP level 18. HP: 163/163 MP: 25/25
 57155 | Shoals:1 | Found a runed door.
 57163 | Shoals:1 | Found a shimmering altar of Xom.
 57163 | Shoals:1 | Noticed Deyjemna's ghost (adept DEFE)
 57261 | Lair:1   | Received a gift from Okawaru
 57375 | Lair:2   | Killed Urghew's ghost
 58459 | Shoals:1 | Found the +7 captain's cutlass {speed, disarm}
 59785 | Shoals:2 | Learned a level 2 spell: Blink
 60371 | Shoals:3 | Reached skill level 1 in Translocations
 61876 | Shoals:4 | Entered Level 4 of the Shoals
 62202 | Shoals:4 | Identified the +10 long sword "Raulerch" {venom, *Rage
                  | +Rage Int+4 Dex+4} (You found it on level 4 of the Shoals)
 62332 | Shoals:4 | Received a gift from Okawaru
 62336 | Shoals:4 | Got a faintly glowing shortbow {god gift}
 62339 | Shoals:4 | Identified the +8 shortbow "Loqorown" {velocity, rC++}
                  | (Okawaru gifted it to you on level 4 of the Shoals)
 62871 | Shoals:4 | Found a runed door.
 62876 | Shoals:4 | Noticed Nornya's ghost (adept OpFi)
 63151 | Shoals:4 | Killed Nornya's ghost
 64369 | Shoals:4 | Identified a scroll of acquirement
 64374 | Shoals:4 | Got a transparent lapis lazuli ring
 64376 | Shoals:4 | Identified the ring of Karicw {rPois rC+ Dex+2 Stlth+} (You
                  | acquired it on level 4 of the Shoals)
 64539 | Shoals:4 | Got a translucent dagger
 64540 | Shoals:4 | Identified the +7 dagger "Qel Joth" {pierce, rC+} (You
                  | found it on level 4 of the Shoals)
 64905 | Shoals:4 | HP: 8/165 [poisoned by a sea snake]
 64911 | Shoals:4 | HP: 6/165 [poisoned by a sea snake]
 64916 | Shoals:4 | HP: 6/165 [poisoned by a sea snake]
 64922 | Shoals:4 | HP: 6/165 [poisoned by a sea snake]
 64930 | Shoals:4 | HP: 7/165 [poisoned by a sea snake]
 65391 | Shoals:4 | Received a gift from Okawaru
 65618 | Shoals:4 | Got a pair of faintly glowing gloves
 65629 | Shoals:4 | Identified the +0 pair of gloves of Rotation {Dex+2} (You
                  | found it on level 4 of the Shoals)
 65793 | Shoals:4 | Got a barnacled rune of Zot
 65841 | Shoals:4 | Reached skill level 20 in Bows
 66187 | Vaults:1 | Entered Level 1 of the Vaults
 66240 | Vaults:1 | Reached XP level 19. HP: 166/172 MP: 26/26
 66527 | Vaults:1 | Found a runed gate.
 66527 | Vaults:1 | Found a runed gate.
 66527 | Vaults:1 | Found a runed gate.
 66628 | Vaults:1 | Noticed Yvuidgh's ghost (veteran HOMo)
 66628 | Vaults:1 | Noticed Dacon's ghost (adept MiGl)
 67001 | Elf:1    | Entered Level 1 of the Elven Halls
 67026 | Elf:1    | Found Fonkecog's One-of-a-Kind Books.
 68170 | Elf:1    | Identified Baablen's Compendium of Black Rituals
 68176 | Elf:1    | Learned a level 3 spell: Regeneration
 68326 | Elf:2    | Reached skill level 1 in Charms
 68632 | Elf:2    | Found a runed gate.
 68634 | Elf:2    | Found a runed gate.
 68639 | Elf:2    | Found a runed gate.
 69509 | Elf:2    | Received a gift from Okawaru
 69973 | Elf:1    | Received a gift from Okawaru
 70368 | Elf:2    | Reached skill level 10 in Earth Magic
 70510 | Elf:2    | Reached skill level 10 in Necromancy
 70701 | Elf:2    | Received a gift from Okawaru
 71096 | Elf:3    | Entered Level 3 of the Elven Halls
 71223 | Elf:3    | Received a gift from Okawaru
 71886 | Elf:3    | Found Feseishra's Food Emporium.
 72066 | Elf:3    | Reached skill level 5 in Translocations
 74256 | Elf:2    | Reached XP level 20. HP: 50/181 MP: 27/27
 74898 | Elf:3    | Identified the +5 hand axe "Giant's Toothpick" {chop, Str+3
                  | Int+5}
 75351 | Elf:3    | Received a gift from Okawaru
 75463 | Elf:3    | Identified the +4 glaive of Veloic {freeze, rElec rN+ Int+3
                  | Dex-3}
 76004 | Elf:3    | Gained mutation: You tend to lose your temper in combat. [a
                  | cacodemon]
 76127 | Elf:3    | Identified the amulet "Fieteg" {Faith Int+4}
 77166 | Elf:3    | Identified the Incunabulum of the Ghastly Voyage
 77604 | Vaults:1 | HP: 11/273 [Yvuidgh's ghost (45)]
 78687 | D:14     | Found a gate to the Vaults.
 79190 | D:14     | Killed Yvuidgh's ghost
 79982 | D:14     | Killed Dacon's ghost
 80594 | Vaults:1 | Reached skill level 5 in Summonings
 81091 | Vaults:1 | Identified the Papyrus of Evil Secrets and Good Luck
 81135 | Vaults:1 | Got an iridescent short sword
 81383 | Vaults:1 | Received a gift from Okawaru
 81956 | Vaults:1 | Received a gift from Okawaru
 82364 | Vaults:1 | Found Zuxtet's Armour Shoppe.
 82473 | Vaults:1 | Received a gift from Okawaru
 83207 | Vaults:2 | Received a gift from Okawaru
 83520 | Vaults:2 | Reached XP level 21. HP: 154/191 MP: 28/28
 84954 | Vaults:2 | Found a staircase to the Crypt.
 86369 | Vaults:3 | Received a gift from Okawaru
 87159 | Vaults:2 | HP: 8/191 [large abomination[an ironheart preserver] (12)]
 88516 | Vaults:3 | Received a gift from Okawaru
 89112 | D:6      | Bought a scroll of enchant weapon for 75 gold pieces
 89241 | Orc:2    | Bought a scroll of enchant weapon for 120 gold pieces
 89289 | Orc:2    | Bought a runed helmet for 225 gold pieces
 89324 | Orc:2    | Bought the ring "Naxary" {rCorr rPois rN+ MR+ MP+9} for 718
                  | gold pieces
 90398 | Depths:1 | Entered Level 1 of the Depths
 90836 | Depths:1 | Received a gift from Okawaru
 91074 | Depths:1 | Received a gift from Okawaru
 91074 | Depths:1 | Reached XP level 22. HP: 177/200 MP: 28/29
 91202 | Depths:1 | Received a gift from Okawaru
 91601 | Depths:1 | Found a gateway to Hell.
 91644 | Depths:1 | Received a gift from Okawaru
 91705 | Depths:1 | Received a gift from Okawaru
 92409 | Depths:1 | Found a bloodstained altar of Trog.
 92476 | Depths:1 | Received a gift from Okawaru
 93491 | Depths:2 | Paralysed by a floating eye for 2 turns
 93501 | Depths:2 | Paralysed by a floating eye for 2 turns
 93579 | Depths:2 | Noticed Margery
 93927 | Depths:1 | Killed Margery
 94462 | Depths:2 | Found a one-way gate leading to the halls of Pandemonium.
 94585 | Depths:2 | Identified the cursed ring of Wonder {MR+ Str-2 Dex+4
                  | Slay-4 Stlth+}
 94600 | Depths:2 | Received a gift from Okawaru
 94829 | Depths:2 | Received a gift from Okawaru
 95169 | Depths:2 | Found a gateway to a ziggurat.
 95526 | Depths:2 | Received a gift from Okawaru
 96268 | Depths:2 | Identified the ring of Pownap {*Slow MR++ Dex+7 Stlth-}
 96309 | Depths:2 | Got a transparent plate armour
 96481 | Depths:2 | Identified the +6 plate armour "Fofrez" {rN+ Int+6 Stlth+}
                  | (You found it on level 2 of the Depths)
 96540 | Depths:2 | Found Ischidio's Food Shop.
 96773 | Depths:2 | Noticed Sojobo
 96780 | Depths:2 | Identified the ring "Enehim" {rF+ rN+++ AC+4 Dex-4 Slay+3}
 98115 | Depths:2 | Killed Sojobo
 98115 | Depths:2 | Reached skill level 10 in Hexes
 98115 | Depths:2 | Reached XP level 23. HP: 196/209 MP: 15/30
 98312 | Depths:2 | Found Gieh's Jewellery Boutique.
 98538 | Depths:3 | Received a gift from Okawaru
 99321 | Depths:3 | Got a transparent longbow {god gift}
 99324 | Depths:2 | Identified the +0 longbow of Incongruity {velocity, Str+2}
                  | (Okawaru gifted it to you on level 3 of the Depths)
 99725 | Depths:3 | Found a one-way gate to the infinite horrors of the Abyss.
100183 | Depths:3 | You fall through a shaft for 2 floors!
100183 | Depths:5 | Entered Level 5 of the Depths
100212 | Depths:5 | Noticed a caustic shrike
100212 | Depths:5 | Noticed a caustic shrike
101105 | Depths:3 | Noticed Boris
101125 | Depths:3 | Killed Boris
101776 | Depths:3 | Found Zyadear's Gadget Shop.
101778 | Depths:3 | Found Katinan's Gadget Shop.
101785 | Depths:3 | Found Bualiut's Jewellery Emporium.
101793 | Depths:3 | Upgraded the game from 0.23-a0-539-g3f6f39f to
                  | 0.23-a0-550-g7de1f8e
101793 | Depths:3 | Bought the amulet of Grace {Gourm +Inv Slay+5} for 1300
                  | gold pieces
102128 | Depths:4 | Cast into level 4 of the Abyss (a lich)
102177 | Abyss:5  | Entered Level 5 of the Abyss
102207 | Abyss:5  | Found a corrupted altar of Lugonu.
102222 | Abyss:5  | Found a corrupted altar of Lugonu.
102348 | Abyss:5  | Received a gift from Okawaru
102458 | Depths:4 | Escaped the Abyss
102706 | Depths:4 | Received a gift from Okawaru
103079 | Depths:4 | Identified the Reference Book on Toxins
103295 | Depths:4 | Reached skill level 15 in Long Blades
103402 | Depths:4 | Received a gift from Okawaru
103459 | Depths:4 | Noticed an ancient lich
103682 | Depths:4 | Killed an ancient lich
103682 | Depths:4 | Reached skill level 10 in Summonings
103723 | Depths:4 | Got a jewelled great sword
104098 | D:8      | Identified the cursed +0 great sword "Soitegge" {slice,
                  | rElec rF+ Str+3 Int-3} (You found it on level 4 of the
                  | Depths)
105211 | Depths:5 | Noticed a caustic shrike
105211 | Depths:5 | Noticed a caustic shrike
105369 | Depths:5 | Noticed a caustic shrike
105396 | Depths:4 | HP: 5/211 [caustic shrike (29)]
105396 | Depths:4 | HP: 2/211 [acid (3)]
105396 | Depths:4 | Demolished by a caustic shrike

Vault maps used:
D:1:      arrival_aquarium_b
D:2:      uniq_natasha
D:3:      lemuel_coloured_pillars_altar, overflow_temple_1_default,
          first_ration, elyvilon_altar_3, uniq_robin
D:4:      lemuel_crystal_altar, minmay_temple_entry_wispy, serial_shops,
          nicolae_shop_stone, chequers_serial_rivers_micro_b,
          minmay_misc_feat_hallway, minmay_misc_feat_plants,
          evilmike_ruin_ashenzari, uniq_menkaure, uniq_grinder
D:5:      lemuel_crystal_altar, xom_butterflies,
          nemelex_xobeh_ov_fountains_minmay, makhleb_altar_promises_db,
          sword_in_stone
D:6:      kennysheep_mini, serial_shops, nicolae_shop_waterfront,
          nicolae_shop_stone, shop, shop, shop, grunt_ministairs_3,
          minmay_crossroads
D:7:      kennysheep_mini_moat, fedhas_altar_1, lemuel_round_altar,
          xom_teletrap_fun
D:8:      erik_lair_island, grunt_ogre_cave, minmay_manual_mares
D:9:      grunt_temple_overflow_holy_war, uniq_prince_ribbit1
D:10:     orc_david_3, serial_shops, shop, okawaru_trees_1, uniq_sonja
D:12:     minmay_guarded_unrand_skullcrusher
D:13:     gauntlet_entry_generic, minmay_guarded_unrand_prune
D:14:     minmay_the_grid_octo_tiled_squarecenter_mashed,
          grunt_vaults_entry_fortified, ebering_dispersal_statue_hall,
          roderic_batcave, serial_bayou_lagoon_a, uniq_azrael
D:15:     grunt_enter_depths_magical_seal
Temple:   nicolae_temple_figure_zero
Lair:1:   grunt_forest_large_clearing_hut, uniq_gastronok
Lair:2:   elwin_shoals_entry_rocks, ebering_ghost_funeral_grove,
          guppyfry_lair_drakes, grunt_megastairs_5, uniq_harold
Lair:3:   minmay_holes, beast_lair_carwin_9
Lair:4:   minmay_snake_entry_guardpost_small, grunt_megastairs_2,
          lemuel_fruit_tree
Lair:5:   serial_bayou_shore_a, serial_bayou_shore_b
Lair:6:   due_jungle_book, nicolae_slime_entry_slimehenge, grunt_megastairs_1,
          serial_bayou_shore_b
Shoals:1: ebering_ghost_xom, serial_shops, shop
Shoals:2: nicolae_shoals_arrival_archipelago
Shoals:4: shoals_end_simple, ebering_ghost_reflecting_pool,
          nicolae_shoals_seven_spires
Snake:2:  uniq_vashnia
Snake:4:  snake_pit_salamanders_mu, hangedman_snake_pattern,
          nrook_guardian_serpent_ordinary, uniq_roxanne
Orc:2:    grunt_orc_cross, basic_altar
Elf:1:    minmay_elf_necromancy, nicolae_rare_books
Elf:3:    elf_hall, serial_shops, nicolae_shop_waterfront, grunt_ministairs_5,
          serial_sigils_hangedman_carve
Vaults:1: gammafunk_vaults_ghost_cemetery, nicolae_vaults_little_squares_5,
          st_hourglassy, vaults_dpeg_diagonal, grunt_vaults_trifunnel,
          v_alt_pattern_4, vaults_mumra_minichess, serial_shops, shop
Vaults:2: minmay_crypt_entry_skeletal_spiral, hangedman_vaults_corner,
          grunt_vaults_hallway_long, hangedman_vaults_slice, v_misc_30,
          hangedman_vaults_impose, hangedman_vaults_stream, v_rooms_1,
          nicolae_vaults_diagonal_hallway_6, grunt_vaults_diagonal,
          nicolae_vaults_little_squares_2, vaults_room_hallway, v_rooms_5
Vaults:3: vaults_room_corners, vaults_room_hangedman_quadrants,
          ontoclasm_vaults_loading_screen, vaults_room_hallway,
          ontoclasm_vaults_ring_small, nicolae_vaults_three_branches,
          nicolae_vaults_gold_heap
Depths:1: grunt_metal_band, hangedman_decor_opposing, spider_trap,
          evilmike_spriggan_trog_shrine, grunt_megastairs_3
Depths:2: hangedman_spin_cycle, serial_shops, hell_entry, pan_entry
Depths:3: kennysheep_scales, abyss_entry, pf_hell_entry_tar_spiral,
          rand_demon_pan_entry_9, columned_hall_lemuel, minmay_staircase_bubble,
          firewood_loft, minmay_shop_grove, serial_bayou_shore_b, uniq_boris
Depths:4: kennysheep_water_balloons, pf_vacation_house_of_asmodeus,
          chequers_big_river, hangedman_abyss_entry_splay,
          infiniplex_staircase_x, serial_bayou_shore_b
Depths:5: grunt_zot_entry_tricorne, hell_entry, nicolae_water_bricks,
          corner_web_ring, minmay_misc_feat_nine_boxes, uniq_margery
Abyss:4:  evilmike_abyss_exit_8, evilmike_abyss_exit_16,
          nicolae_abyss_rune_left_handed, serial_sigils_hangedman_shear
Abyss:5:  evilmike_abyss_rune_elephants_shrine
Gauntlet: gammafunk_gauntlet_shortcut

Skill      XL: |  1  2  3  4  5  6  7  8  9 10 11 12 13 14 15 16 17 18 19 20 21 22 23 |
---------------+----------------------------------------------------------------------+-----
Bows           | 6 7 9 10 11 13 14 15 16 17 18 19 20 | 20.0
Dodging        | 2 3 6 8 9 10 11 12 | 12.0
Fighting       | 3 4 6 7 8 9 10 11 12 13 14 15 16 17 18 | 18.8
Armour         | 2 3 4 |  4.0
Long Blades    | 1 3 5 6 8 9 10 11 12 13 14 15 | 15.2
Invocations    | 4 7 8 10 11 | 11.2
Evocations     | 3 5 7 8 9 |  9.2
Hexes          | 5 6 7 8 10 | 10.0
Summonings     | 3 4 5 7 8 10 | 10.0
Earth Magic    | 6 8 10 12 13 14 | 14.0
Necromancy     | 5 8 10 12 13 14 | 14.0
Spellcasting   | 2 3 |  3.0
Translocations | 3 5 |  5.0
Charms         | 3 |  3.0
Stealth        | |  0.4

Action                   |  1- 3 |  4- 6 |  7- 9 | 10-12 | 13-15 | 16-18 | 19-21 | 22-24 || total
-------------------------+-------+-------+-------+-------+-------+-------+-------+-------++-------
Melee: Short sword       |    82 |   135 |       |       |       |       |       |       ||   217
       Kick              |     8 |    30 |    20 |   123 |   133 |   165 |   102 |   130 ||   711
       Trident           |       |    34 |    13 |       |       |       |       |       ||    47
       War axe           |       |       |    66 |   119 |       |       |       |       ||   185
       Triple sword      |       |       |       |   253 |   292 |   328 |   216 |   299 ||  1388
       Shortbow          |       |       |       |       |       |       |     3 |       ||     3
 Fire: Shortbow          |    17 |    56 |   544 |   867 |       |   205 |  1865 |       ||  3554
       Longbow           |       |       |       |    28 |  1270 |  1417 |   945 |  1022 ||  4682
 Cast: Blink             |       |       |       |       |       |     2 |       |       ||     2
       Borgnjor's Vile C |       |       |       |       |       |       |    96 |    95 ||   191
       Regeneration      |       |       |       |       |       |       |     2 |     5 ||     7
       Summon Mana Viper |       |       |       |       |       |       |       |     2 ||     2
Invok: Heroism           |       |       |       |     1 |     1 |     6 |     2 |     2 ||    12
       Finesse           |       |       |       |       |     1 |     8 |     2 |     2 ||    13
Evoke: Wand              |       |       |     2 |     1 |     1 |    13 |    10 |     2 ||    29
       Fan of gales      |       |       |       |       |       |     1 |     1 |       ||     2
       Lightning rod     |       |       |       |       |       |     1 |       |     1 ||     2
       Sack of spiders   |       |       |       |       |       |       |       |     1 ||     1
  Use: Scroll            |       |     2 |    11 |     8 |    15 |    13 |    11 |    13 ||    73
       Potion            |       |       |       |     8 |     8 |     5 |     4 |     7 ||    32
 Stab: Sleeping          |       |       |       |       |     1 |       |     1 |       ||     2
       Paralysed         |       |       |       |       |       |     3 |       |       ||     3
  Eat: Chunk             |     1 |     7 |     9 |    25 |    32 |    24 |    51 |    58 ||   207
       Ration            |       |       |     2 |     4 |     6 |    11 |    14 |     8 ||    45
Armor: Leather armour    |    10 |       |       |       |       |       |       |       ||    10
       Ring mail         |    29 |    79 |    94 |       |       |       |       |       ||   202
       Troll leather arm |       |       |       |    80 |       |       |       |       ||    80
       Robe              |       |       |       |   103 |   128 |   250 |   141 |   232 ||   854
       Skin              |       |       |       |   173 |       |       |       |       ||   173
Dodge: Dodged            |    31 |   102 |   147 |   411 |   528 |   630 |   345 |   381 ||  2575
       Deflected         |       |       |       |       |    14 |   120 |   118 |    53 ||   305
Block: Other             |       |       |       |       |    51 |   110 |    90 |    93 ||   344
       Reflection        |       |       |       |       |    12 |    20 |    30 |     7 ||    69
       Rpst.: Triple sword |       |       |       |    89 |    71 |    83 |    27 |    38 ||   308

Table legend:
 A = Non-vault XP
 B = Vault XP
 C = Vault XP percentage of total XP
 D = Non-vault monster count
 E = Vault monster count
 F = Vault count percentage of total count
                 A         B        C        D         E       F
            +---------+---------+-------+---------+---------+-------
      Total |  543463 |  436623 |  44.5 |    1273 |     641 |  33.5
            +---------+---------+-------+---------+---------+-------
        D:1 |      28 |       0 |   0.0 |      16 |       0 |   0.0
        D:2 |      95 |      35 |  26.9 |      24 |       1 |   4.0
        D:3 |      99 |      33 |  25.0 |      20 |      11 |  35.5
        D:4 |     543 |     616 |  53.1 |      12 |       4 |  25.0
        D:5 |     346 |     379 |  52.3 |       8 |       4 |  33.3
        D:6 |     602 |     161 |  21.1 |      20 |       2 |   9.1
        D:7 |    1444 |       0 |   0.0 |      26 |       0 |   0.0
        D:8 |    1999 |    1160 |  36.7 |      33 |      11 |  25.0
        D:9 |    1390 |     259 |  15.7 |      34 |       1 |   2.9
       D:10 |    2567 |     938 |  26.8 |      27 |       3 |  10.0
       D:11 |    1875 |     673 |  26.4 |      21 |       3 |  12.5
       D:12 |    3409 |    4962 |  59.3 |      34 |      17 |  33.3
       D:13 |    6337 |    7953 |  55.7 |      26 |      15 |  36.6
       D:14 |   12171 |   33839 |  73.5 |      34 |      59 |  63.4
       D:15 |   19170 |    4247 |  18.1 |      53 |       7 |  11.7
     Lair:1 |    6793 |    3822 |  36.0 |      30 |      10 |  25.0
     Lair:2 |    1224 |    4017 |  76.6 |       6 |      13 |  68.4
     Lair:3 |    3448 |     491 |  12.5 |       9 |       4 |  30.8
     Lair:4 |    8743 |    1434 |  14.1 |      25 |       6 |  19.4
     Lair:5 |    8147 |     767 |   8.6 |      27 |       3 |  10.0
     Lair:6 |   13815 |    4844 |  26.0 |      36 |      18 |  33.3
   Shoals:1 |   19968 |       0 |   0.0 |      43 |       0 |   0.0
   Shoals:2 |   14457 |       0 |   0.0 |      29 |       0 |   0.0
   Shoals:3 |   14938 |       0 |   0.0 |      33 |       0 |   0.0
   Shoals:4 |   12307 |   20916 |  63.0 |      24 |      31 |  56.4
    Snake:1 |   10238 |     832 |   7.5 |      19 |       1 |   5.0
    Snake:2 |    8312 |    7306 |  46.8 |      16 |       3 |  15.8
    Snake:3 |   16270 |       0 |   0.0 |      30 |       0 |   0.0
    Snake:4 |   22353 |   52463 |  70.1 |      39 |      72 |  64.9
      Orc:1 |    3134 |    2838 |  47.5 |      27 |       7 |  20.6
      Orc:2 |    3265 |    5379 |  62.2 |      23 |      31 |  57.4
      Elf:1 |   11981 |    7965 |  39.9 |      21 |      13 |  38.2
      Elf:2 |   19060 |   28886 |  60.2 |      36 |      32 |  47.1
      Elf:3 |   20943 |   43825 |  67.7 |      30 |      33 |  52.4
   Vaults:1 |   35984 |   16479 |  31.4 |      72 |      28 |  28.0
   Vaults:2 |   36408 |   29960 |  45.1 |      50 |      51 |  50.5
   Vaults:3 |   38951 |    6827 |  14.9 |      60 |       6 |   9.1
   Depths:1 |   64251 |   27621 |  30.1 |      83 |      32 |  27.8
   Depths:2 |    5747 |   78369 |  93.2 |       8 |      80 |  90.9
   Depths:3 |   34856 |   15313 |  30.5 |      37 |      12 |  24.5
   Depths:4 |   41528 |   17299 |  29.4 |      48 |       7 |  12.7
   Depths:5 |    8342 |       0 |   0.0 |      13 |       0 |   0.0
    Abyss:4 |     785 |       0 |   0.0 |       1 |       0 |   0.0
    Abyss:5 |    5140 |       0 |   0.0 |      10 |       0 |   0.0
   Gauntlet |       0 |    3715 | 100.0 |       0 |      10 | 100.0
            +---------+---------+-------+---------+---------+-------
